Map: Frost LE

Players

llllllllllll - Winner!

  • Race: Protoss Protoss
  • League: Diamond

Crisis

  • Race: Terran Terran
  • League: Diamond

VOD

Have the link to the VOD?

Description

Time

  • Played on: July 24, 2016, 3:42 p.m.
  • Length: 15:26
Show
View Real Time Build Order
Export as new Build Order

llllllllllll Protoss - Winner!

Build Orders: Oracle Opening 

Get SALT Encoding   

  12  0:01  Probe (Chrono Boost)  
  13  0:12  Probe (Chrono Boost)  
  14  0:23  Pylon  
  14  0:24  Probe (Chrono Boost)  
  15  0:41  Probe (Chrono Boost)  
  16  0:45  Gateway  
  16  0:50  Assimilator  
  16  0:52  Probe (Chrono Boost)  
  16  0:56  Assimilator  
  17  1:02  Probe (Chrono Boost)  
  18  1:13  Probe (Chrono Boost)  
  19  1:23  Probe (Chrono Boost)  
  20  1:28  Pylon  
  20  1:34  Probe (Chrono Boost)  
  20  1:35  Cybernetics Core  
  21  1:44  Probe (Chrono Boost)  
  22  1:55  Probe (Chrono Boost)  
  23  2:11  Mothership Core (Chrono Boost)  
  25  2:19  Nexus  
  26  2:30  Probe (Chrono Boost)  
  26  2:38  Stalker  
  28  2:44  Pylon  
  28  2:48  Stargate  
  28  3:09  Stalker  
  30  3:19  Probe (Chrono Boost)  
  31  3:30  Probe (Chrono Boost)  
  32  3:36  Oracle  
  32  3:40  Stalker  
  37  3:46  Forge  
  37  3:48  Probe (Chrono Boost)  
  38  3:50  Gateway  
  38  3:53  Probe (Chrono Boost)  
  39  3:58  Probe (Chrono Boost)  
  40  4:03  Pylon  
  40  4:05  Probe (Chrono Boost)  
  40  4:09  Probe (Chrono Boost)  
  42  4:12  Pylon  
  42  4:22  Assimilator  
  42  4:23  Probe (Chrono Boost)  
  44  4:24  Probe (Chrono Boost), Assimilator  
  44  4:25  Void Ray  
  48  4:36  Probe (Chrono Boost)  
  48  4:37  Probe (Chrono Boost)  
  50  4:47  Probe (Chrono Boost)  
  50  4:49  Probe (Chrono Boost)  
  52  4:54  Stargate  
  52  5:02  Void Ray  
  53  5:25  Nexus  
  53  5:27  Probe (Chrono Boost)  
  53  5:28  Pylon  
  54  5:35  Photon Cannon  
  54  5:38  Probe x2 (Chrono Boost)  
  54  5:39  Void Ray  
  61  5:50  Probe (Chrono Boost), Void Ray  
  61  5:55  Probe (Chrono Boost)  
  66  6:02  Probe (Chrono Boost)  
  67  6:05  Probe (Chrono Boost)  
  67  6:10  Photon Cannon  
  68  6:12  Photon Cannon  
  68  6:32  Void Ray  
  62  6:36  Pylon  
  62  6:37  Stalker x2  
  55  6:58  Probe (Chrono Boost)  
  55  6:59  Probe (Chrono Boost)  
  54  7:03  Void Ray  
  59  7:08  Probe (Chrono Boost)  
  59  7:09  Void Ray  
  59  7:10  Probe (Chrono Boost)  
  59  7:11  Probe (Chrono Boost)  
  65  7:19  Probe (Chrono Boost)  
  65  7:20  Probe (Chrono Boost)  
  67  7:25  Probe (Chrono Boost)  
  67  7:29  Probe (Chrono Boost)  
  69  7:31  Probe (Chrono Boost)  
  69  7:37  Probe (Chrono Boost)  
  71  7:40  Probe (Chrono Boost)  
  71  7:41  Assimilator  
  72  7:46  Assimilator  
  72  7:49  Probe (Chrono Boost), Void Ray  
  72  7:50  Probe (Chrono Boost)  
  78  7:56  Void Ray  
  78  8:01  Probe x2 (Chrono Boost)  
  84  8:11  Probe (Chrono Boost)  
  73  8:44  Probe (Chrono Boost)  
  74  8:50  Twilight Council  
  74  8:53  Void Ray, Gateway  
  74  8:54  Gateway  
  74  8:55  Probe (Chrono Boost)  
  75  8:56  Gateway  
  75  8:58  Oracle, Gateway  
  75  8:59  Gateway  
  82  9:06  Nexus  
  82  9:09  Warp Gate  
  82  9:13  Probe (Chrono Boost), Mothership Core (Chrono Boost)  
  85  9:20  Pylon  
  85  9:23  Probe (Chrono Boost)  
  86  9:26  Cybernetics Core  
  86  9:58  Probe (Chrono Boost)  
  86  9:59  Probe (Chrono Boost)  
  88  10:06  Stalker, Templar Archives  
  88  10:07  Stalker x4  
  92  10:09  Probe (Chrono Boost)  
  92  10:12  Probe (Chrono Boost)  
  100  10:24  Probe (Chrono Boost)  
  101  10:36  Pylon  
  101  10:38  Pylon  
  101  10:40  Pylon  
  101  10:42  Pylon  
  101  10:56  Psionic Storm  
  101  10:59  High Templar x3  
  101  11:00  High Templar x2  
  111  11:07  Gateway  
  111  11:08  Gateway  
  111  11:10  Gateway  
  111  11:11  Pylon  
  111  11:12  Gateway  
  111  11:14  Assimilator, Gateway  
  111  11:16  Assimilator  
  111  11:18  Gateway  
  105  11:46  High Templar x3  
  105  11:47  High Templar  
  102  12:23  Pylon  
  102  12:24  High Templar, Pylon  
  102  12:26  Pylon  
  102  12:27  Pylon, Stalker x5  
  114  12:52  Stalker  
  114  12:53  Stalker x4  
  124  13:14  Stalker x3  
  124  13:15  Stalker x3  
  136  13:30  Stalker  
  136  13:31  Stalker  
  140  13:34  Pylon  
  140  13:36  Pylon  
  140  13:38  Pylon  
  140  13:39  Pylon  
  140  13:58  Stalker x3  
  140  13:59  Stalker x5  
  140  14:00  Stalker  
  130  14:38  Stalker x4  
  129  14:39  Stalker x4  
Show
View Real Time Build Order
Export as new Build Order

Crisis Terran 

Build Orders: MMM Bio 

Get SALT Encoding   

  12  0:00  SCV  
  13  0:13  SCV  
  14  0:17  Supply Depot  
  14  0:25  SCV  
  15  0:39  SCV  
  15  0:42  Barracks  
  16  0:51  SCV  
  17  1:03  SCV  
  18  1:15  SCV  
  19  1:29  Marine  
  19  1:31  Orbital Command  
  20  1:35  Command Center  
  20  1:44  Supply Depot  
  20  1:47  Marine  
  21  1:57  SCV  
  22  2:02  Refinery  
  22  2:04  Marine  
  23  2:09  Barracks, SCV  
  24  2:22  Marine, SCV  
  26  2:30  Barracks  
  26  2:34  SCV  
  27  2:42  Barracks Tech Lab  
  27  2:46  SCV  
  27  2:49  Orbital Command  
  28  2:56  Refinery  
  28  2:58  SCV  
  29  3:01  Marine  
  29  3:02  Barracks  
  30  3:10  SCV  
  31  3:16  Marine  
  31  3:17  SCV  
  33  3:20  Engineering Bay  
  33  3:22  SCV  
  33  3:28  Marine x2  
  33  3:44  SCV x2  
  35  3:49  Barracks Reactor  
  35  3:50  Stimpack  
  35  3:52  Barracks Reactor  
  35  3:55  Missile Turret  
  35  3:56  SCV  
  35  4:00  Missile Turret  
  35  4:01  Marine  
  37  4:03  Marine  
  38  4:10  Supply Depot, SCV  
  39  4:19  Marine  
  39  4:20  SCV  
  39  4:23  Supply Depot  
  42  4:25  Missile Turret  
  42  4:27  Barracks Tech Lab  
  42  4:28  Marine x2  
  42  4:29  SCV  
  44  4:32  Supply Depot  
  44  4:33  SCV  
  44  4:38  Marauder  
  47  4:39  Terran Infantry Weapons Level 1  
  47  4:41  SCV  
  48  4:48  Missile Turret  
  48  4:50  Combat Shields  
  48  4:52  Marine, Marauder  
  50  4:53  Marine x3  
  50  4:59  Marauder  
  56  5:02  Barracks, SCV  
  56  5:03  SCV  
  57  5:10  Marine  
  57  5:11  Marine  
  56  5:15  SCV  
  56  5:16  SCV  
  58  5:27  Marine x2, Marauder  
  58  5:28  Marine  
  63  5:33  Marine  
  63  5:34  Factory, Marine  
  65  5:38  SCV  
  65  5:41  Supply Depot  
  66  5:46  Marauder  
  68  5:51  Concussive Shells  
  68  5:55  Command Center, Supply Depot  
  68  6:09  Marine x2  
  68  6:10  Marine x2, Marauder x2  
  76  6:31  Marine x2  
  76  6:32  Marauder  
  80  6:33  Marine x3  
  76  6:52  Marine x4, Marauder  
  76  6:53  Factory Reactor, Marauder  
  73  6:57  Starport  
  63  7:05  Barracks Reactor  
  63  7:08  SCV  
  63  7:09  Missile Turret, Marine  
  63  7:10  Marine  
  63  7:13  Marauder  
  63  7:14  SCV  
  63  7:15  Marauder  
  70  7:17  Missile Turret  
  70  7:20  SCV  
  71  7:22  Orbital Command  
  71  7:26  SCV, Refinery  
  71  7:27  Terran Infantry Armor Level 1  
  72  7:30  Refinery  
  72  7:38  SCV x2  
  74  7:45  Factory Reactor  
  74  7:50  SCV x2  
  76  7:52  Marine x2  
  76  7:53  Medivac x2  
  76  7:56  Supply Depot  
  82  7:59  Supply Depot  
  82  8:00  SCV  
  82  8:02  SCV x2  
  85  8:12  Marine, SCV  
  89  8:13  Marauder  
  89  8:14  SCV  
  89  8:18  SCV  
  88  8:24  SCV  
  88  8:25  Command Center  
  88  8:26  SCV  
  87  8:28  Marine x3, Marauder  
  87  8:29  Marine x2  
  87  8:30  Marine  
  87  8:33  Marine  
  86  8:45  SCV x2  
  86  8:46  Marine x4  
  86  8:47  Marine  
  86  8:48  SCV, Marine  
  94  8:49  Marine  
  94  8:53  Medivac  
  98  8:55  Medivac  
  98  9:02  Missile Turret  
  100  9:03  SCV  
  101  9:17  Widow Mine x2  
  101  9:20  Marine x2  
  101  9:23  Medivac  
  109  9:25  Medivac, Supply Depot  
  109  9:27  Supply Depot  
  111  9:35  Refinery  
  111  9:39  Refinery  
  111  9:42  Armory  
  111  9:46  Engineering Bay  
  111  9:48  Widow Mine x2  
  115  9:54  Supply Depot  
  115  9:56  Medivac x2, Supply Depot  
  119  10:05  Orbital Command  
  119  10:17  Widow Mine x2, Missile Turret  
  123  10:37  Marine x4, Marauder  
  123  10:38  Marine x2  
  123  10:39  Missile Turret  
  131  10:59  Widow Mine x2  
  131  11:00  Medivac  
  131  11:01  Medivac  
  139  11:16  Terran Infantry Weapons Level 2  
  139  11:23  Armory  
  139  11:28  Widow Mine x2, Command Center  
  139  11:31  Marine  
  139  11:32  Marauder  
  145  11:33  Marine x3  
  145  11:34  Marine  
  145  11:35  Marine  
  146  11:54  Marauder  
  148  11:56  Widow Mine  
  148  11:58  Widow Mine  
  148  11:59  Supply Depot  
  148  12:01  Supply Depot  
  150  12:07  Medivac x2  
  150  12:29  Marauder  
  151  12:35  Barracks  
  151  12:36  Supply Depot x2  
  151  12:37  Barracks  
  151  12:38  Supply Depot  
  151  12:40  Supply Depot  
  153  12:46  Missile Turret  
  153  12:48  Missile Turret  
  153  12:50  Supply Depot  
  155  12:52  Armory  
  151  13:02  Marine  
  148  13:40  Command Center, Supply Depot, Marine  
  149  13:42  Supply Depot  
  149  13:45  Supply Depot  
  149  13:47  Supply Depot  
  148  13:58  Missile Turret, Marine  
  148  14:01  Missile Turret, Barracks Reactor x2  
  148  14:16  Marine  
  77  14:34  Marauder  
  79  14:38  Factory  
  71  14:55  Marauder  
Tags
 
Add a new tag
Caveats
  • Supply blocks, unpowered buildings, or Contaminate may cause inaccurate times.
  • Supply counts are checked every 10 seconds.